 Dungeon Crawl Stone Soup version 0.29.0-4-gdea44cf6ec (webtiles) character file.

Game seed: 10491069253363342413

552 qw the Chopper (level 7, -4/41 HPs)
             Began as a Tengu Warper on Aug 28, 2022.
             Was a Follower of Okawaru.
             Killed from afar by a steam dragon (9 damage)
             ... with a ball of steam
             ... on level 7 of the Dungeon.
             The game lasted 00:00:18 (2481 turns).

qw the Chopper (Tengu Warper)                       Turns: 2481, Time: 00:00:18

Health: -4/41      AC: 13    Str: 14    XL:     7   Next: 29%
Magic:  9/11       EV: 10    Int: 13    God:    Okawaru [*.....]
Gold:   267        SH:  0    Dex: 13    Spells: 10/10 levels left

rFire   . . .      SeeInvis .   Y - +2 war axe
rCold   . . .      Faith    .   (no shield)
rNeg    + . .      Spirit   .   e - +0 chain mail
rPois   .          Reflect  .   (helmet restricted)
rElec   .          Harm     .   k - +1 cloak
rCorr   .          Rampage  .   (no gloves)
Will    .....                   (boots unavailable)
Stlth   ..........              f - amulet of regeneration
HPRegen 0.93/turn               i - ring of positive energy
MPRegen 0.12/turn               (no ring)

@: heroic, flying quickly and evasively, quick
A: beak, talons 3, nimble flight
a: Renounce Religion, Heroism


You were on level 7 of the Dungeon.
You worshipped Okawaru.
Okawaru was aware of your devotion.
You visited 1 branch of the dungeon, and saw 5 of its levels.

You collected 267 gold pieces.


Innate Abilities, Weirdness & Mutations

You have a beak for a mouth.
You have claws for feet.
Your magical nature lets you fly swiftly and evasively.


   Skills:
 - Level 3.1(8.1) Fighting
 + Level 7.0(12.0) Axes
 - Level 1.0(6.0) Throwing
 - Level 2.5(7.5) Armour
 - Level 2.1(7.1) Dodging
 - Level 2.0 Spellcasting
 - Level 2.4 Translocations
 + Level 2.3 Invocations


You had 10 spell levels left.
You didn't know any spells.
Your spell library contained the following spells:

 Spells                   Type           Power      Damage    Failure   Level
 Blink                    Tloc           14%        N/A       94%         2
 Gell's Gravitas          Tloc           7%         N/A       99%         3
 Lesser Beckoning         Tloc           7%         N/A       99%         3
 Teleport Other           Tloc           7%         N/A       99%         3
 Manifold Assault         Tloc           7%         N/A       100%        5

Inventory:

Hand Weapons
 j - a +0 morningstar
 Y - a +2 war axe (weapon)
Armour
 e - a +0 chain mail (worn)
 k - a +1 cloak (worn)
Jewellery
 f - an amulet of regeneration (around neck)
 i - a ring of positive energy (left hand)
Scrolls
 h - a scroll of identify
 m - a scroll of summoning {unknown}
Potions
 a - a potion of mutation
 b - a potion of heal wounds {unknown}
 c - a potion of brilliance {unknown}
 d - a potion of curing
 g - a potion of might {unknown}
 n - a potion of lignification {unknown}

Dungeon Overview and Level Annotations

Branches:
Dungeon (7/15)
 Temple: D:4-7

Altars:
Elyvilon
Kikubaaqudgha
Okawaru
Ru

Annotations:
D:7 Maggie


Message History

The shadow imp shouts!
You hear an angry hiss.
Enter note: Maggie the Vainglorious comes into view.
She is wielding a +0 long sword of pain and carrying a wand of roots (10).
Found a stone staircase leading up.
You hit the shadow imp. Your kick misses the shadow imp.
The shadow imp is severely wounded.
The shadow imp hits you. Maggie gestures at you while chanting.
The bolt of fire hits you! The shadow imp gestures at you.
You struggle to resist.
Maggie zaps a wand.
The roots erupt in riotous growth!
The grasping roots grab you!
The shadow imp is unaffected.
The grasping roots constrict you.
You hear a shout!
2475 ||| INVOKING Heroism.
You gain the combat prowess of a mighty hero.
The shadow imp laughs crazily.
The shadow imp hits you but does no damage.
Maggie points at you and mumbles some strange words.
The bolt of fire hits you! The grasping roots constrict you.
You closely miss the shadow imp. Your kick misses the shadow imp.
The shadow imp is severely wounded.
The grasping roots release their grip on you.
You slash the shadow imp!
You kill the shadow imp!
Okawaru accepts your kill.
An orc comes into view. It is wielding a +0 hand axe.
2478 ||| Stepping ~*~*~tactically~*~*~ (hiding).
2479 ||| FLEEEEING.
Maggie zaps a wand.
The roots erupt in riotous growth!
The grasping roots grab you! The grasping roots constrict you.
You escape the roots grasp.
A steam dragon comes into view.
The steam dragon hisses angrily.
You slash Maggie! Your peck misses Maggie.
Maggie is lightly wounded.
The steam dragon breathes steam at you. The ball of steam hits you!
You die...

.....#####.......
.........#.......?
.D.......#........
....>....#..o.....
.........#........
........#........
#.¤............
#..¤#...#
#..@@#.##
#....#....#
........######
...#....#
.........
.<.......
.........
###.......


You could see Maggie and an orc.

Vanquished Creatures
  A phantom (D:3)
  A scorpion (D:4)
  5 killer bees (D:7)
  A hound (D:4)
  An iguana (D:4)
  Robin (D:3)
  5 adders
  A shadow imp (D:7)
  A worm (D:2)
  2 dart slugs (D:3)
  An orc (D:3)
  8 endoplasms
  2 giant cockroaches
  10 hobgoblins
  3 jackals (D:2)
  6 kobolds
  A quokka (D:1)
  3 bats
  3 frilled lizards
  17 goblins
  5 rats
78 creatures vanquished.

Vanquished Creatures (others)
  2 fungi (D:2)
  10 plants (D:2)
12 creatures vanquished.

Grand Total: 90 creatures vanquished

Notes
Turn   | Place    | Note
-------+----------+-------------------------------------------
     0 | D:1      | qw the Tengu Warper began the quest for the Orb.
     0 | D:1      | Reached XP level 1. HP: 12/12 MP: 4/4
     0 | D:1      | 0 ||| qw: Version: 0.1-a-89-g26bdef1
     0 | D:1      | 0 ||| qw: Game counter: 2478
     0 | D:1      | 0 ||| qw: Always use a shield: true
     0 | D:1      | 0 ||| qw: God list: Okawaru
     0 | D:1      | 0 ||| qw: Allow faded altars: false
     0 | D:1      | 0 ||| qw: Do Orc after D:15 true
     0 | D:1      | 0 ||| qw: Do second Lair branch before Depths: true
     0 | D:1      | 0 ||| qw: Lair rune preference: random
     0 | D:1      | 0 ||| qw: Plans: Normal
     0 | D:1      | 0 ||| PLANNING D:1-11
   247 | D:1      | Reached XP level 2. HP: 14/17 MP: 6/6
   340 | D:1      | Reached skill level 3 in Axes
   427 | D:1      | 427 ||| DROPPING +0 club.
   508 | D:1      | 508 ||| Stepping ~*~*~tactically~*~*~ (stealth).
   677 | D:1      | 677 ||| SWAPPING to +0 war axe.
   781 | D:1      | 781 ||| DROPPING +0 hand axe.
   899 | D:1      | 899 ||| UPGRADING to +0 chain mail.
   909 | D:1      | 909 ||| DROPPING +0 leather armour.
   910 | D:1      | 910 ||| UPGRADING to amulet of regeneration.
   915 | D:1      | 915 ||| READING 4 scrolls labelled ECOOTEO GETUWK.
   916 | D:1      | 916 ||| READING scroll labelled XUWEHA JOECK.
   917 | D:1      | 917 ||| READING 2 scrolls labelled ASITIE ISUIS.
   918 | D:1      | 918 ||| READING scroll labelled ELEUDUPSIA.
   919 | D:1      | 919 ||| READING scroll labelled NENLUSU ORRA.
   920 | D:1      | 920 ||| DROPPING scroll of blinking.
   921 | D:1      | 921 ||| DROPPING 3 scrolls of butterflies.
   943 | D:2      | Reached XP level 3. HP: 21/21 MP: 7/7
  1036 | D:2      | 1036 ||| Stepping ~*~*~tactically~*~*~ (hiding).
  1038 | D:2      | 1038 ||| Stepping ~*~*~tactically~*~*~ (hiding).
  1039 | D:2      | 1039 ||| Stepping ~*~*~tactically~*~*~ (hiding).
  1041 | D:2      | 1041 ||| Stepping ~*~*~tactically~*~*~ (hiding).
  1046 | D:2      | 1046 ||| Stepping ~*~*~tactically~*~*~ (stealth).
  1050 | D:2      | Reached skill level 4 in Axes
  1061 | D:2      | 1061 ||| Stepping ~*~*~tactically~*~*~ (stealth).
  1062 | D:2      | 1062 ||| Stepping ~*~*~tactically~*~*~ (stealth).
  1073 | D:2      | Found a faded altar of an unknown god.
  1092 | D:2      | 1092 ||| DROPPING +0 whip.
  1216 | D:2      | 1216 ||| Stepping ~*~*~tactically~*~*~ (stealth).
  1480 | D:2      | 1480 ||| DROPPING +2 ring mail of cold resistance.
  1481 | D:2      | 1481 ||| READING 2 scrolls of identify.
  1481 | D:2      | 1481 ||| IDENTIFYING murky sapphire potion
  1520 | D:3      | Noticed Robin
  1524 | D:3      | Reached XP level 4. HP: 19/26 MP: 8/8
  1537 | D:3      | Killed Robin
  1538 | D:3      | Reached skill level 5 in Axes
  1609 | D:3      | Found an iron altar of Okawaru.
  1614 | D:3      | Found a white marble altar of Elyvilon.
  1617 | D:3      | Became a worshipper of Warmaster Okawaru
  1775 | D:3      | 1775 ||| STAIRDANCE
  1778 | D:2      | 1778 ||| READING scroll labelled MYLUPP ISACZU.
  1779 | D:2      | 1779 ||| READING scroll labelled DAUSEM OGAUR.
  1780 | D:2      | 1780 ||| READING 3 scrolls labelled OXUIFE AVEA.
  1781 | D:2      | 1781 ||| DRINKING 3 amethyst potions.
  1782 | D:2      | 1782 ||| DROPPING 2 scrolls of poison.
  1918 | D:3      | 1918 ||| DROPPING +0 whip of freezing.
  1923 | D:3      | Noticed a phantom
  1940 | D:3      | Killed a phantom
  1941 | D:3      | Reached skill level 6 in Axes
  1941 | D:3      | Gained mutation: Your magical nature lets you fly swiftly
                  | and evasively. [Tengu growth]
  1941 | D:3      | Reached XP level 5. HP: 15/30 MP: 9/9
  1963 | D:3      | 1963 ||| READING scroll of enchant weapon.
  1963 | D:3      | 1963 ||| ENCHANTING +1 war axe.
  2105 | D:3      | 2105 ||| UPGRADING to ring of positive energy.
  2152 | D:4      | Found an ancient bone altar of Kikubaaqudgha.
  2266 | D:4      | Reached XP level 6. HP: 30/35 MP: 10/10
  2284 | D:4      | 2284 ||| Stepping ~*~*~tactically~*~*~ (stealth).
  2343 | D:4      | 2343 ||| Stepping ~*~*~tactically~*~*~ (stealth).
  2348 | D:4      | Reached * piety under Okawaru
  2401 | D:4      | You are sucked into a shaft and drop 3 floors!
  2402 | D:7      | 2402 ||| UPGRADING to +1 cloak.
  2407 | D:7      | 2407 ||| Stepping ~*~*~tactically~*~*~ (stealth).
  2407 | D:7      | Found a sacrificial altar of Ru.
  2415 | D:7      | 2415 ||| INVOKING Heroism.
  2420 | D:7      | Reached skill level 7 in Axes
  2420 | D:7      | Reached skill level 1 in Invocations
  2424 | D:7      | Reached XP level 7. HP: 17/40 MP: 8/11
  2426 | D:7      | 2426 ||| INVOKING Heroism.
  2428 | D:7      | HP: 9/40 [killer bee (4)]
  2430 | D:7      | HP: 3/40 [poisoned by a killer bee]
  2432 | D:7      | Reached skill level 3 in Fighting
  2432 | D:7      | 2432 ||| DRINKING 2 potions of curing.
  2432 | D:7      | 2432 ||| (to cure poison)
  2468 | D:7      | 2468 ||| READING scroll labelled ZEOFAPTO OHOLI.
  2472 | D:7      | Noticed Maggie
  2475 | D:7      | 2475 ||| INVOKING Heroism.
  2475 | D:7      | HP: 9/41 [Maggie/bolt of fire (13)]
  2478 | D:7      | 2478 ||| Stepping ~*~*~tactically~*~*~ (hiding).
  2479 | D:7      | 2479 ||| FLEEEEING.
  2479 | D:7      | HP: 3/41 [constriction (5)]
  2480 | D:7      | Noticed a steam dragon
  2481 | D:7      | Killed from afar by a steam dragon

Levels and vault maps discovered:
D:1:      dpeg_arrival_tiny_h, layout_loops_ring
D:2:      layout_loops_ring, shapermc_ecumenical_altar_mp_ritualfount
D:3:      layout_rooms, minitemple, dreamdust_wishing_well, hex_intersection,
          minmay_cupped, uniq_robin
D:4:      layout_loops_ring, mainiacjoe_overflow_24_doors,
          minmay_temple_entry_proselytizer, minmay_diced_spiral
D:7:      layout_basic, nicolae_ru_awakened_eye, supply_closet_lemuel,
          item_on_display_a, uniq_crazy_yiuf_cottage, uniq_maggie

Skill      XL: |  1  2  3  4  5  6  7 |
---------------+----------------------+-----
Axes           | 3 4 6 7 |  7.0
Armour         | 2 |  2.5
Invocations    | 1 2 |  2.3
Fighting       | 3 |  3.1
Throwing       | |  1.0
Dodging        | |  2.1
Spellcasting   | |  2.0
Translocations | |  2.4

Action                   |  1- 3 |  4- 6 |  7- 9 || total
-------------------------+-------+-------+-------++-------
Melee: Hand axe          |    19 |       |       ||    19
       Kick              |    21 |    19 |     2 ||    42
       Peck              |     6 |    10 |     2 ||    18
       War axe           |    32 |   101 |    11 ||   144
Throw: Boomerang         |    31 |       |       ||    31
Invok: Heroism           |       |     1 |     2 ||     3
  Use: Scroll            |     6 |     4 |     1 ||    11
       Potion            |       |     1 |     1 ||     2
Armor: Leather armour    |     1 |       |       ||     1
       Chain mail        |    13 |    59 |     7 ||    79
Dodge: Dodged            |    17 |    39 |    10 ||    66

Table legend:
 A = Non-vault XP
 B = Vault XP
 C = Vault XP percentage of total XP
 D = Non-vault monster count
 E = Vault monster count
 F = Vault count percentage of total count
                 A         B        C        D         E       F
            +---------+---------+-------+---------+---------+-------
      Total |     669 |     120 |  15.2 |      64 |      14 |  17.9
            +---------+---------+-------+---------+---------+-------
        D:1 |      23 |       0 |   0.0 |      16 |       0 |   0.0
        D:2 |      58 |       0 |   0.0 |      18 |       0 |   0.0
        D:3 |     131 |      33 |  20.1 |      13 |      11 |  45.8
        D:4 |     129 |      87 |  40.3 |      11 |       3 |  21.4
        D:7 |     328 |       0 |   0.0 |       6 |       0 |   0.0
            +---------+---------+-------+---------+---------+-------
